 Dungeon Crawl Stone Soup version 0.24.0-5-g267a8d59f4 (webtiles) character file.

Game seed: 7435404225426410097, levelgen mode: deterministic

2349 Lanoc the Carver (level 9, 0/82 HPs)
             Began as a Naga Berserker on Nov 1, 2019.
             Was an Elder of Trog.
             Slain by Harold
             ... wielding a +0 dire flail
              (16 damage)
             ... on level 7 of the Dungeon.
             The game lasted 00:14:31 (6646 turns).

Lanoc the Carver (Naga Berserker)                   Turns: 6646, Time: 00:14:31

Health: 0/82       AC:  7    Str: 20    XL:     9   Next: 43%
Magic:  9/9        EV: 12    Int:  7    God:    Trog [****..]
Gold:   442        SH:  7    Dex: 14    Spells: 8/8 levels left

rFire    + . .     SeeInvis +   a - +0 falchion
rCold    . . .     Gourm    .   B - +0 buckler of Indecent Exposure {+Fly rN+ Regen+ Stlth-}
rNeg     + . .     Faith    .   w - +0 robe {rF+}
rPois    +         Spirit   .   n - +0 helmet
rElec    .         Reflect  +   x - +1 cloak {rPois}
rCorr    .         Harm     .   (no gloves)
MR       +....                  (no barding)
Stlth    ..........             q - +3 amulet of reflection
HPRegen  0.63/turn              (no ring)
MPRegen  0.11/turn              (no ring)

@: berserk cooldown, slowed, invisible, very slow
A: large, see invisible, deformed body, poison resistance, slowness 2, slow
metabolism 1, spit poison 1, AC +3
a: Spit Poison, Berserk, Trog's Hand, Brothers in Arms, Renounce Religion, Evoke
Flight


You were on level 7 of the Dungeon.
You worshipped Trog.
Trog was greatly pleased with you.
You were very hungry.

You visited 2 branches of the dungeon, and saw 8 of its levels.

You collected 442 gold pieces.

Inventory:

Hand Weapons
 a - a +0 falchion (weapon)
 l - a +6 scythe of protection
Armour
 n - a +0 helmet (worn)
 u - a +0 buckler of protection
 w - a +0 robe of fire resistance (worn)
 x - a +1 cloak of poison resistance (worn)
 y - a +0 plate armour
 B - the +0 buckler of Indecent Exposure (worn) {+Fly rN+ Regen+ Stlth-}
   (You took it off an orc priest on level 7 of the Dungeon)

   It protects you from negative energy.
   It lets you fly.
   It increases your rate of regeneration.
   It makes you less stealthy.
Jewellery
 q - a +3 amulet of reflection (around neck)
 r - an uncursed ring of magical power
Wands
 f - a wand of acid (8)
Scrolls
 e - 2 scrolls of magic mapping {unknown}
 g - a scroll of fear {unknown}
 j - a scroll of noise {unknown}
 k - 2 scrolls of amnesia
 m - 6 scrolls of remove curse
 p - 4 scrolls of teleportation {unknown}
 A - a scroll of immolation {unknown}
Potions
 b - a potion of heal wounds
 h - 4 potions of mutation {unknown}
 i - 4 potions of agility {unknown}
 o - a potion of curing
 t - 2 potions of flight
 v - 2 potions of magic
 z - 2 potions of resistance
Comestibles
 c - 10 rations
 s - 15 chunks of flesh


   Skills:
 + Level 6.0 Fighting
 * Level 8.2 Long Blades
 + Level 4.6 Armour
 + Level 4.6 Dodging
 - Level 2.4 Shields


You had 8 spell levels left.
You didn't know any spells.
Your spell library was empty.

Dungeon Overview and Level Annotations

Branches:
Dungeon (7/15)             Temple (1/1) D:6

Altars:
Cheibriados
Dithmenos
Kikubaaqudgha
Nemelex Xobeh
Okawaru
Qazlal
Uskayaw
Wu Jian
Xom
The Shining One

Shops:
D:7 }

Annotations:
D:7 Harold


Innate Abilities, Weirdness & Mutations

You cannot wear boots.
Your serpentine skin is tough. (AC +3)
You have supernaturally acute eyesight. (SInv)
Armour fits poorly on your strangely shaped body.
Your system is resistant to poisons. (rPois)
You cover ground very slowly.
You have a slow metabolism.
You can spit poison.


Message History

You are exhausted.
You feel yourself slow down. Harold hits you but does no damage.
You struggle against the net.
Harold looks more healthy.
Harold hits you with a +0 dire flail!
You rip the net and break free!
You block Harold's attack. Harold hits you with a +0 dire flail!
As you read the scroll labeled NUNWUR GIDUACORR, it crumbles to dust.
You feel as if something is helping you.
It was a scroll of remove curse.
Harold grumbles, "Just give up already, I want to go home!"
Harold misses you.
You riposte.
You hit Harold but do no damage.
Harold is lightly wounded.
As you read the scroll labeled PUSUTHR ZOHASA, it crumbles to dust.
It is a scroll of amnesia.
You feel forgetful for a moment. Harold hits you with a +0 dire flail!!
You fade into invisibility!
Harold hits you with a +0 dire flail!!
* * * LOW HITPOINT WARNING * * *
Harold hits you with a +0 dire flail!
You die...

#.#.....# #.##.#..#............
#...∩#..#............
####.#..#............
#....#............
##8...#............
######...#.#............
.........#.#.....@..[...
.#######.#......@....... .##
#.#.....##.###### ..# #.##..#.#
.# ..# #.###.#.##.. ..# #.#
#...##.###### ..#
.####..#.......# #### ..#
..........>.# ....
..###########..#.......# #...
.......................#######...


You could see Harold.

Vanquished Creatures
  An ugly thing (D:7)
  Sigmund (D:2)
  A phantom (D:4)
  3 ogres
  A big kobold (D:7)
  A bullfrog (D:7)
  3 scorpions
  A howler monkey (D:3)
  2 crimson imps
  2 bullfrog zombies
  2 hounds
  4 orc priests
  2 jellies
  A bullfrog skeleton (D:4)
  8 orc wizards
  An iguana (D:4)
  8 worker ants
  2 hound skeletons
  A worker ant zombie (D:5)
  A howler monkey skeleton (D:4)
  10 adders
  A shadow imp (D:6)
  An ooze (D:3)
  2 adder skeletons (D:4)
  3 worms (D:2)
  2 dart slugs (D:2)
  2 leopard geckos
  17 orcs
  11 bats
  4 giant cockroaches
  6 goblins
  6 hobgoblins
  3 quokkas
  2 ball pythons
  3 frilled lizards
  A goblin skeleton (D:6)
  2 hobgoblin zombies (D:6)
  20 kobolds
  2 kobold skeletons (D:6)
  A kobold zombie (D:6)
  A leopard gecko skeleton (D:4)
  7 rats
153 creatures vanquished.

Notes
Turn   | Place    | Note
-------+----------+-------------------------------------------
     0 | D:1      | Lanoc the Naga Berserker began the quest for the Orb.
     0 | D:1      | Reached XP level 1. HP: 21/21 MP: 1/1
   111 | D:1      | Reached XP level 2. HP: 13/28 MP: 2/2
   661 | D:1      | HP: 1/28 [kobold/+0 short sword (5)]
  1018 | D:1      | Reached XP level 3. HP: 32/34 MP: 3/3
  1025 | D:1      | Reached ** piety under Trog
  1135 | D:2      | Noticed Sigmund
  1148 | D:2      | Killed Sigmund
  1148 | D:2      | Reached skill level 4 in Long Blades
  1148 | D:2      | Reached XP level 4. HP: 13/44 MP: 4/4
  1148 | D:2      | Reached XP level 5. HP: 15/50 MP: 5/5
  1868 | D:2      | Found a shimmering altar of Xom.
  1898 | D:2      | Reached XP level 6. HP: 57/57 MP: 6/6
  2175 | D:2      | Noticed a water elemental
  2176 | D:2      | Found a stormy altar of Qazlal.
  2179 | D:2      | Noticed an air elemental
  2179 | D:2      | Noticed a fire elemental
  2382 | D:3      | Reached *** piety under Trog
  2419 | D:3      | Reached skill level 5 in Long Blades
  2475 | D:3      | HP: 1/57 [orc wizard/magic dart (2)]
  3173 | D:4      | Noticed a phantom
  3630 | D:3      | Reached XP level 7. HP: 64/64 MP: 7/7
  3642 | D:3      | Reached skill level 1 in Shields
  3846 | D:4      | Reached skill level 6 in Long Blades
  4014 | D:4      | Reached XP level 8. HP: 73/73 MP: 8/8
  4371 | D:4      | Found a hide-covered altar of Uskayaw.
  4431 | D:5      | Entered Level 5 of the Dungeon
  4467 | D:5      | Reached skill level 5 in Fighting
  4513 | D:5      | Found a snail-covered altar of Cheibriados.
  4523 | D:5      | Found an ancient bone altar of Kikubaaqudgha.
  4524 | D:5      | Found a shadowy altar of Dithmenos.
  4527 | D:5      | Found a sparkling altar of Nemelex Xobeh.
  4923 | D:5      | Reached skill level 7 in Long Blades
  5412 | D:6      | Reached **** piety under Trog
  5648 | D:6      | Found a staircase to the Ecumenical Temple.
  5695 | Temple   | Entered the Ecumenical Temple
  5734 | D:6      | Found a glowing golden altar of the Shining One.
  6011 | D:6      | Found an ornate altar of the Wu Jian Council.
  6011 | D:6      | Found an iron altar of Okawaru.
  6303 | D:7      | Reached XP level 9. HP: 64/81 MP: 9/9
  6362 | D:7      | Noticed a red ugly thing
  6376 | D:7      | Killed a red ugly thing
  6376 | D:7      | Reached skill level 8 in Long Blades
  6508 | D:7      | Identified the cursed +0 buckler of Indecent Exposure {+Fly
                  | rN+ Regen+ Stlth-}
  6608 | D:7      | Found Bamm's Gadget Boutique.
  6632 | D:7      | Noticed Harold
  6646 | D:7      | Slain by Harold

Levels and vault maps discovered:
D:1:      dpeg_arrival_shrine, layout_basic
D:2:      layout_rooms, nicolae_qazlal_style_of_elements, lemuel_doored_altar,
          first_ration, uniq_sigmund
D:3:      layout_basic
D:4:      layout_rooms, overflow_temple_1_default
D:5:      layout_cave_pools, minitemple
D:6:      layout_basic, nicolae_tso_besieged_by_evil,
          gammafunk_temple_overflow_wave, minmay_temple_entry_gardened_gates,
          kennysheep_nub
D:7:      layout_basic, serial_shops, shop_statue, the_bakery, uniq_harold
Temple:   cyrus_temple_forest

Skill      XL: |  1  2  3  4  5  6  7  8  9 |
---------------+----------------------------+-----
Long Blades    | 4 5 6 7 8 |  8.2
Armour         | 2 3 4 |  4.6
Dodging        | 2 3 4 |  4.6
Fighting       | 4 5 6 |  6.0
Shields        | 1 2 |  2.4

Action                   |  1- 3 |  4- 6 |  7- 9 || total
-------------------------+-------+-------+-------++-------
Melee: Falchion          |    70 |    94 |   408 ||   572
       Scythe            |       |    78 |       ||    78
Invok: Berserk           |     4 |     3 |     8 ||    15
       Trog's Hand       |       |     1 |     1 ||     2
 Abil: Spit Poison       |     5 |     3 |    11 ||    19
  Use: Scroll            |       |       |     9 ||     9
       Potion            |       |       |     1 ||     1
  Eat: Chunk             |     2 |    10 |    11 ||    23
       Ration            |       |       |     2 ||     2
Armor: Animal skin       |    11 |    59 |     8 ||    78
       Robe              |       |       |   121 ||   121
Dodge: Dodged            |    51 |   112 |   175 ||   338
Block: Buckler           |       |    33 |   131 ||   164
       Reflection        |       |     3 |     4 ||     7
       Other             |       |     2 |       ||     2
       Rpst.: Falchion   |    16 |    20 |    58 ||    94
